 Dungeon Crawl Stone Soup version 0.18.1-50-g88ac8fd (webtiles) character file.

62 cedor the Caller (level 3, 0/24 HPs)
             Began as a Demonspawn Summoner on Sept 21, 2016.
             Succumbed to Crazy Yiuf's poison
             ... on level 2 of the Dungeon.
             The game lasted 00:09:51 (1229 turns).

cedor the Caller (Demonspawn Summoner)              Turns: 1229, Time: 00:09:52

Health: 0/24       AC:  3    Str:  8    XL:     3   Next: 85%
Magic:  3/6        EV: 12    Int: 17    God:
Gold:   147        SH:  0    Dex: 13    Spells: 2 memorised, 3 levels left

rFire  . . .     SeeInvis .       - Unarmed
rCold  . . .     Gourm    .     f - +0 robe
rNeg   . . .     Faith    .     (no shield)
rPois  .         Spirit   .     o - +0 helmet
rElec  .         Dismiss  .     (no cloak)
rCorr  .         Reflect  .     (no gloves)
SustAt .         Harm     .     (no boots)
MR     .....     Rnd*Tele +     (no amulet)
Stlth  ++........               (no ring)
                                m - ring of teleportation (curse)

@: lethally poisoned (0 -> -3), drained, not resistant to hostile enchantments,
unstealthy
A: claws 1, powered by pain 1
a: no special abilities


You were on level 2 of the Dungeon.
You were hungry.

You visited 1 branch of the dungeon, and saw 3 of its levels.

You collected 147 gold pieces.


Innate Abilities, Weirdness & Mutations

You have sharp fingernails.
You sometimes gain a little power by taking damage.


   Skills:
 + Level 2.1(2.0) Dodging
 + Level 2.4(2.2) Stealth
 + Level 1.4(1.2) Unarmed Combat
 - Level 2.0(1.8) Spellcasting
 + Level 4.6(4.4) Summonings


You had 3 spell levels left.
You knew the following spells:

 Your Spells              Type           Power        Failure   Level  Hunger
x - Call Imp              Summ           ###.....     6%          2    ###....
z - Summon Small Mammal   Summ           ###.         3%          1    #......

Inventory:

Hand Weapons
 a - a +0 hunting sling
 g - a +4 quarterstaff of chaos
Missiles
 e - 46 stones (quivered)
Armour
 d - a +0 pair of gloves
 f - a +0 robe (worn)
 h - a +0 cloak
 o - a +0 helmet (worn)
Jewellery
 m - a cursed ring of teleportation (left claw)
Scrolls
 k - a scroll of identify {@r1}
Potions
 l - a potion of haste {@q3}
Books
 b - a book of Callings

   Spells                             Type                      Level
   a - Summon Small Mammal            Summoning                    1
   b - Call Imp                       Summoning                    2
   c - Call Canine Familiar           Summoning                    3
   d - Summon Guardian Golem          Hexes/Summoning              3
   e - Summon Lightning Spire         Summoning/Air                4
   f - Summon Ice Beast               Ice/Summoning                4
 n - a book of Necromancy

   Spells                             Type                      Level
   a - Pain                           Necromancy                   1
   b - Animate Skeleton               Necromancy                   1
   c - Vampiric Draining              Necromancy                   3
   d - Regeneration                   Charms/Necromancy            3
   e - Animate Dead                   Necromancy                   4
   f - Control Undead                 Necromancy                   4
Comestibles
 c - a bread ration
 i - a slice of pizza
 j - 2 meat rations

Dungeon Overview and Level Annotations

Branches:
Dungeon (3/15)

Altars:

▒ ▒. ▒▒▒▒ ▒▒▒▒▒
▒..▒..▒▒ ▒▒▒..)▒
▒......▒▒▒▒.'.†.▒
▒...6.5▒.5▒▒...▒
▒▒▒)..▒5▒▒▒▒▒▒▒▒
▒▒▒▒▒▒▒


You could see 2 friendly white imps.


Message History

Okay, then.
You scratch Crazy Yiuf.
Crazy Yiuf is heavily wounded.
* * * LOW HITPOINT WARNING * * *
You feel sick. Crazy Yiuf completely misses you.
Your white imp closely misses Crazy Yiuf.
Your white imp hits Crazy Yiuf.
Your white imp freezes Crazy Yiuf.
You scratch Crazy Yiuf. Your claw misses Crazy Yiuf.
Crazy Yiuf is almost dead.
You completely miss Crazy Yiuf.
Crazy Yiuf is almost dead.
* * * LOW HITPOINT WARNING * * *
You feel sick.
Your white imp hits Crazy Yiuf.
Your white imp freezes Crazy Yiuf.
Crazy Yiuf dies!
Things that are here:
a quarterstaff of chaos; a cloak; the gnoll corpse of Crazy Yiuf
There is a lethal amount of poison in your body!
g - a quarterstaff of chaos;
h - a cloak
* * * LOW HITPOINT WARNING * * *
You feel sick.
You open the door.
* * * LOW HITPOINT WARNING * * *
You feel sick.
There is an open door here.
* * * LOW HITPOINT WARNING * * *
You feel sick.
Found a mace.
Found a mace.
You die...

Action                   || total
-------------------------++-------
Melee: Unarmed           ||    68
       Punch             ||     1
 Fire: Hunting sling     ||    49
Throw: Stone             ||     1
 Cast: Summon Small Mamm ||     4
       Call Imp          ||    14
  Use: Scroll            ||     2
       Potion            ||     2
 Stab: Sleeping          ||     1
  Eat: Chunk             ||     1
Armor: Robe              ||    16
Dodge: Dodged            ||    49

Vault maps used:
D:1:      shiori_arrival_whats_in_store_for_you
D:2:      nicolae_ru_great_annihilating_truth, uniq_crazy_yiuf_cottage

Notes
Turn   | Place    | Note
--------------------------------------------------------------
     0 | D:1      | cedor the Demonspawn Summoner began the quest for the Orb.
     0 | D:1      | Reached XP level 1. HP: 13/13 MP: 3/3
   102 | D:1      | Reached skill level 2 in Stealth
   222 | D:1      | You feel monstrous as your demonic heritage exerts itself.
   222 | D:1      | Gained mutation: You have sharp fingernails. [demonic ancestry]
   222 | D:1      | Reached XP level 2. HP: 18/19 MP: 5/5
   370 | D:2      | Learned a level 2 spell: Call Imp
   648 | D:3      | Gained mutation: You sometimes gain a little power by taking damage. [demonic ancestry]
   648 | D:3      | Reached XP level 3. HP: 12/24 MP: 1/6
   724 | D:3      | Reached skill level 2 in Dodging
   756 | D:3      | Reached skill level 1 in Unarmed Combat
   982 | D:3      | HP: 2/24 [something/puff of flame (8)]
  1009 | D:3      | HP: 2/24 [something/magic dart (7)]
  1212 | D:2      | Noticed Crazy Yiuf
  1217 | D:2      | Killed Crazy Yiuf
  1219 | D:2      | HP: 2/24 [poisoned by Crazy Yiuf]
  1225 | D:2      | HP: 1/24 [poisoned by Crazy Yiuf]
  1229 | D:2      | Succumbed to Crazy Yiuf's poison

Vanquished Creatures
  2 orcs (D:3)
  A giant cockroach (D:1)
  2 hobgoblins (D:1)
  2 jackals (D:3)
  3 ball pythons
  A bat (D:3)
  2 giant newts
  4 goblins
  5 rats
22 creatures vanquished.

Vanquished Creatures (collateral kills)
  Crazy Yiuf (D:2)
  A giant gecko (D:3)
  7 orcs (D:3)
  2 hobgoblins
  2 jackals (D:3)
  A kobold (D:1)
  A giant newt (D:3)
  3 rats
18 creatures vanquished.

Grand Total: 40 creatures vanquished
